Map: Winter Madness LE

Players

VITRyung (Ryung)

  • Race: Terran Terran
  • League: Grandmaster
  • Spawn Location: 5:00

Jumy (ForJumy) - Winner!

  • Race: Protoss Protoss
  • League: Master
  • Spawn Location: 11:00

VOD

Have the link to the VOD?

Description

Time

  • Played on: Jan. 30, 2026, 12:34 p.m.
  • Length: 29:13
Show
View Real Time Build Order
Export as new Build Order

VITRyung Terran 

Build Orders: Banshee Rush 

Get SALT Encoding   

  12  0:00  SCV  
  13  0:12  SCV  
  14  0:16  Supply Depot  
  14  0:24  SCV  
  15  0:38  SCV  
  15  0:39  Barracks  
  16  0:42  Refinery  
  16  0:50  SCV  
  17  1:02  SCV  
  18  1:14  SCV  
  19  1:27  Orbital Command  
  19  1:29  Marine  
  20  1:41  Command Center  
  20  1:52  SCV  
  21  1:57  Factory  
  21  2:03  Barracks Reactor  
  21  2:04  SCV  
  22  2:09  Supply Depot  
  22  2:16  SCV  
  22  2:18  Refinery  
  23  2:31  SCV  
  24  2:43  Starport  
  24  2:45  SCV  
  24  2:47  Hellion x2  
  29  2:53  Orbital Command  
  29  2:56  Barracks Tech Lab  
  29  2:58  SCV  
  30  3:10  Hellion x2  
  34  3:14  SCV  
  35  3:21  SCV  
  35  3:24  Banshee  
  35  3:26  SCV  
  40  3:33  SCV  
  41  3:38  Supply Depot  
  41  3:40  SCV  
  42  3:41  Marine x2  
  42  3:42  Factory Tech Lab  
  42  3:45  SCV  
  42  3:46  Cloaking Field  
  45  3:50  Supply Depot  
  45  3:53  SCV  
  46  4:00  SCV, Siege Tank  
  46  4:02  Marine x2  
  52  4:13  Banshee  
  52  4:16  Barracks, SCV x2  
  55  4:21  Bunker  
  55  4:23  Marine x2  
  57  4:29  Supply Depot  
  57  4:31  SCV  
  57  4:32  SCV  
  57  4:36  Siege Tank  
  62  4:43  Supply Depot  
  62  4:50  Marine x2, SCV x2  
  66  4:53  Supply Depot  
  66  4:57  Banshee  
  69  5:02  SCV  
  69  5:04  SCV  
  69  5:06  Barracks  
  71  5:14  Engineering Bay  
  71  5:15  Refinery  
  71  5:16  SCV, Siege Tank  
  71  5:17  SCV  
  76  5:21  Supply Depot  
  76  5:28  SCV  
  77  5:29  SCV  
  77  5:31  Refinery  
  78  5:40  SCV  
  78  5:41  SCV  
  80  5:47  Terran Infantry Weapons Level 1  
  76  5:50  Viking  
  76  5:52  SCV  
  76  5:53  SCV  
  80  6:04  SCV  
  80  6:05  SCV  
  80  6:08  Marine x3  
  80  6:09  Factory Reactor  
  85  6:15  Command Center  
  85  6:16  SCV  
  85  6:18  Combat Shield  
  86  6:19  Stimpack, Supply Depot x2  
  86  6:21  Starport Reactor  
  86  6:29  SCV  
  86  6:30  SCV  
  88  6:36  Barracks  
  88  6:40  Barracks  
  88  6:42  Marauder  
  88  6:43  Marauder, Marine x2  
  94  6:55  SCV x2  
  94  7:00  Medivac x2, Widow Mine x2  
  101  7:04  Marine x2  
  101  7:05  Marauder  
  101  7:06  Marauder  
  107  7:09  Supply Depot x2  
  107  7:11  SCV x2  
  109  7:17  Supply Depot  
  109  7:24  Marine  
  109  7:25  Barracks Tech Lab  
  110  7:31  Marauder x2  
  110  7:34  Barracks Reactor  
  114  7:39  SCV  
  114  7:40  SCV  
  114  7:42  Terran Infantry Armor Level 1  
  120  7:45  Medivac x2  
  120  7:48  Bunker  
  120  7:52  Marine  
  120  7:53  Marine, Marauder x3  
  120  7:55  Missile Turret  
  120  7:56  SCV x2  
  130  8:00  Orbital Command  
  130  8:05  Concussive Shells  
  130  8:08  Missile Turret, SCV x2  
  130  8:11  Marine  
  133  8:13  Marine x2  
  133  8:14  Marauder  
  133  8:16  Widow Mine  
  139  8:20  Supply Depot  
  139  8:23  Supply Depot  
  139  8:25  SCV  
  139  8:26  Ghost Academy  
  140  8:27  SCV  
  140  8:28  SCV  
  127  8:43  SCV x3  
  127  8:45  Refinery x2  
  127  8:58  SCV x3  
  127  8:59  Marine x3  
  127  9:01  Ghost x3  
  127  9:02  Marine  
  138  9:13  SCV x3, Armory  
  138  9:15  Engineering Bay  
  141  9:18  Sensor Tower  
  139  9:25  Command Center, SCV x3  
  142  9:33  Ghost  
  142  9:37  SCV x2  
  142  9:40  Ghost  
  142  9:41  Ghost  
  142  9:43  SCV  
  147  9:49  Medivac x2, SCV  
  152  9:56  SCV x2  
  154  10:01  SCV  
  154  10:04  Marauder, Marine x3  
  154  10:05  Starport  
  160  10:10  Marauder x2  
  160  10:12  Terran Infantry Weapons Level 2, Terran Infantry Armor Level 2  
  160  10:14  SCV  
  165  10:18  Supply Depot x2  
  165  10:19  Terran Ship Weapons Level 1  
  165  10:30  SCV  
  165  10:37  SCV x2, Missile Turret  
  165  10:40  Liberator x2  
  165  10:41  Marine  
  165  10:42  Marauder x3, Marine x3, SCV  
  184  10:52  Liberator x2  
  190  10:58  Supply Depot  
  190  10:59  Marine x2  
  190  11:03  Marauder x2  
  196  11:20  SCV x2, Marauder  
  196  11:22  Command Center  
  196  11:24  Missile Turret  
  200  11:35  SCV  
  198  11:43  Marauder x2  
  198  11:44  Marauder  
  198  11:46  Marine x2  
  193  11:52  SCV x3  
  193  11:53  Marine x2  
  183  11:58  Viking x2  
  172  12:03  Marine x2  
  172  12:04  SCV x3, Marauder x2  
  172  12:06  Marauder  
  175  12:11  Marine  
  175  12:13  Marine  
  169  12:16  SCV x2  
  169  12:21  Marine  
  165  12:24  Marine  
  165  12:25  Marauder  
  165  12:26  Marauder  
  165  12:27  Marauder  
  165  12:28  Marine  
  173  12:33  Marine  
  173  12:39  Marine  
  173  12:40  Orbital Command  
  173  12:42  Marine  
  175  12:47  Marauder x2  
  175  12:48  Marine, Marauder  
  175  12:51  Marine  
  174  12:57  Marine  
  175  12:59  Viking  
  175  13:00  Marine  
  175  13:04  SCV  
  175  13:05  SCV  
  180  13:08  Marine  
  180  13:11  SCV  
  180  13:23  Marine  
  180  13:24  SCV, Marauder x3  
  180  13:26  Viking x3  
  194  13:33  Terran Infantry Weapons Level 3  
  194  13:37  Marine x2  
  196  13:50  Terran Infantry Armor Level 3  
  196  13:59  Marauder x2  
  200  14:07  Terran Ship Weapons Level 2  
  200  14:12  Viking  
  197  14:39  Viking  
  197  14:44  Command Center  
  199  14:47  Missile Turret  
  199  14:48  Missile Turret  
  199  14:51  Barracks  
  199  14:53  Barracks  
  199  14:55  Barracks  
  199  14:58  Fusion Core  
  198  15:05  Marine x2, Marauder x2  
  198  15:06  Marine, Marauder  
  191  15:07  Marine  
  191  15:09  Medivac x2  
  191  15:10  Medivac  
  198  15:27  Marauder  
  200  15:39  Ghost x2  
  200  15:40  Barracks Tech Lab  
  200  15:41  Barracks Tech Lab  
  197  15:42  Barracks Tech Lab  
  197  15:46  Caduceus Reactor  
  197  15:47  Ghost  
  199  15:54  Marine  
  199  15:56  Marine  
  198  16:05  Viking x2  
  196  16:25  Marine x2, Marauder x2  
  196  16:26  Marauder  
  196  16:30  Marine x2, Marauder x2  
  196  16:32  Marine  
  177  16:36  Medivac  
  177  16:39  Medivac  
  167  16:43  Marine x2  
  167  16:46  Marine  
  156  16:47  Marauder x2  
  156  16:48  Marine x2  
  156  16:52  Marine x2  
  139  17:03  Planetary Fortress  
  139  17:04  Marine x4  
  131  17:10  Liberator  
  131  17:15  Liberator  
  137  17:19  Liberator  
  138  17:24  Marine x2  
  140  17:34  Liberator  
  143  17:42  Ghost  
  145  17:45  Ghost  
  145  17:49  Ghost  
  149  17:53  Ghost  
  151  17:58  Ghost  
  151  18:05  Sensor Tower  
  153  18:08  Liberator  
  158  18:13  Marauder x2  
  158  18:17  Marauder  
  158  18:19  Marine  
  162  18:27  Sensor Tower  
  162  18:38  Marine x2  
  161  18:48  Liberator  
  145  18:50  Marine x2  
  142  19:00  Liberator x2  
  142  19:01  Liberator  
  151  19:06  Missile Turret, Sensor Tower  
  151  19:09  Marauder x2  
  155  19:10  Marine  
  155  19:15  Planetary Fortress  
  156  19:24  Marine  
  156  19:25  Marine x3  
  156  19:30  Terran Ship Weapons Level 3  
  160  19:32  Liberator  
  160  19:37  Missile Turret  
  163  19:44  Marauder x3  
  169  19:46  Viking x3  
  169  19:47  Marine  
  169  19:48  Marine  
  176  20:00  Marine x2, Ghost  
  180  20:15  Viking  
  180  20:16  Marine x3  
  180  20:17  Marauder x2  
  180  20:18  Marauder  
  180  20:20  Refinery  
  191  20:21  Command Center  
  184  20:51  Orbital Command, Marauder x3  
  184  20:56  Marauder x2, Marine x2  
  178  21:06  Marauder  
  178  21:07  Marine  
  178  21:09  Marine  
  180  21:12  Marine x2  
  180  21:13  Marauder  
  180  21:17  Marauder x2  
  186  21:26  Marine x2  
  186  21:27  Marauder  
  186  21:31  Marauder x2  
  194  21:34  Marauder  
  194  21:38  Missile Turret, Medivac  
  198  21:42  Medivac  
  200  22:00  Marauder  
  200  22:01  Marauder  
  197  22:21  Orbital Command  
  197  22:37  Supply Depot  
  193  22:58  Ghost x2  
  197  23:15  Marine  
  197  23:16  Marauder  
  197  23:24  Marine  
  197  23:25  Marauder, Marine x4  
  196  23:27  Marine  
  196  23:30  Marine  
  197  23:34  Marine  
  197  23:37  Marauder  
  164  23:42  Marauder, Marine x3  
  164  23:43  Marauder  
  164  23:45  Marine  
  164  23:48  Marine x2  
  138  23:52  Marine  
  122  23:58  Marine  
  122  24:00  Marine x3  
  121  24:03  Marine x2  
  121  24:04  Marine  
  117  24:11  Marine x3  
  117  24:16  Marine  
  104  24:18  Marine x3  
  104  24:21  Marine x2  
  104  24:22  Marine  
  105  24:29  Marine x2, Marauder  
  108  24:34  Marine  
  108  24:36  Marine x3  
  103  24:39  Marine, Marauder  
  103  24:40  Marine  
  103  24:45  SCV x3  
  106  24:47  Marine x2  
  106  24:50  Refinery  
  108  24:55  Marauder  
  108  24:57  SCV x3  
  113  25:09  SCV  
  113  25:12  Marine x2  
  116  25:15  Marine  
  106  25:21  Marauder x2  
  82  25:33  Marauder, Marine x4  
  82  25:34  SCV x2  
  85  25:35  SCV  
  85  25:38  Marine x3  
  85  25:41  Refinery x2  
  90  25:42  Marauder  
  90  25:43  Marauder  
  90  25:51  Marine x3  
  93  26:01  Marauder x2, Marine x3  
  93  26:03  Marine x2  
  102  26:09  Marine  
  99  26:20  Viking x2  
  98  26:27  Marine  
  96  26:35  Marine x2  
  96  26:36  Marine  
  96  26:37  Marine  
  100  26:43  Marauder x2  
  100  26:44  Marauder  
  100  26:45  Orbital Command  
  100  26:46  Marauder  
  100  26:47  Marauder  
  110  26:58  Orbital Command  
  110  27:25  Marine x3  
  110  27:26  Marine  
  110  27:27  Ghost  
  116  27:30  Refinery  
  116  27:34  Marine  
  97  27:38  Marauder  
  97  27:39  Marine x2  
  97  27:40  Marine  
  97  27:43  Marine x3  
  101  27:47  Marine  
  99  27:52  Marauder  
  99  27:58  Marine x2  
  99  27:59  Marine  
  99  28:03  Marine  
  102  28:23  Marauder  
  102  28:24  Marauder  
  102  28:26  Marauder, Marine  
  107  28:48  Marauder x3  
  107  28:50  Marine  
  107  28:51  Marine  
Show
View Real Time Build Order
Export as new Build Order

Jumy Protoss - Winner!

Build Orders: 1 Gate Expand, Zealot Archon 

Get SALT Encoding   

  12  0:00  Probe  
  13  0:12  Probe  
  14  0:16  Pylon  
  14  0:24  Probe  
  15  0:32  Probe  
  15  0:34  Gateway  
  15  0:40  Probe  
  16  0:46  Assimilator  
  17  0:51  Probe  
  18  1:03  Probe  
  19  1:15  Probe  
  20  1:23  Nexus  
  20  1:31  Cybernetics Core  
  20  1:34  Probe  
  21  1:41  Assimilator  
  21  1:46  Probe  
  22  1:50  Pylon  
  22  1:58  Probe, Adept  
  23  2:10  Probe  
  23  2:11  Warp Gate  
  27  2:22  Probe  
  27  2:26  Stalker  
  27  2:27  Twilight Council  
  29  2:31  Probe  
  29  2:32  Probe  
  31  2:39  Probe  
  31  2:40  Probe  
  32  2:49  Probe  
  33  2:54  Gateway  
  33  2:55  Probe  
  35  3:00  Stalker  
  37  3:08  Probe  
  37  3:12  Probe  
  39  3:20  Gateway  
  39  3:23  Robotics Facility  
  39  3:24  Gateway  
  39  3:25  Charge  
  39  3:28  Pylon  
  39  3:30  Probe  
  40  3:34  Probe  
  41  3:42  Probe  
  41  3:47  Shield Battery  
  41  3:48  Pylon, Shield Battery  
  42  3:50  Probe  
  42  3:55  Probe  
  44  4:00  Stalker  
  46  4:03  Stalker  
  46  4:08  Probe  
  46  4:09  Observer  
  47  4:11  Probe  
  47  4:16  Assimilator x2  
  49  4:18  Warp Prism, Pylon  
  49  4:20  Probe  
  49  4:23  Probe  
  51  4:30  Stalker  
  55  4:32  Probe  
  55  4:35  Probe  
  55  4:38  Zealot x2  
  61  4:43  Pylon  
  61  4:44  Probe  
  62  4:46  Zealot  
  64  4:54  Templar Archives  
  64  4:57  Probe  
  64  4:58  Stalker  
  66  5:00  Probe  
  67  5:11  Observer  
  67  5:15  Nexus  
  68  5:21  Probe  
  68  5:27  Probe  
  68  5:34  Zealot x4  
  76  5:43  Probe  
  76  5:50  Probe, Psionic Storm  
  76  5:56  Probe  
  71  6:00  Observer, Forge, Gateway  
  71  6:01  High Templar x2  
  76  6:06  Pylon  
  76  6:13  Gateway, Protoss Ground Armor Level 1  
  76  6:14  Probe  
  76  6:15  Gateway  
  76  6:17  Pylon  
  76  6:18  Probe  
  78  6:26  Probe  
  78  6:27  Stalker  
  78  6:32  Probe x2, Gateway  
  83  6:35  High Templar x2  
  83  6:38  Probe  
  88  6:41  Photon Cannon  
  88  6:44  Probe  
  89  6:50  Photon Cannon  
  89  6:51  Probe  
  89  6:54  Probe  
  89  6:56  Probe  
  89  7:01  Immortal  
  89  7:03  Probe  
  89  7:06  Probe  
  95  7:09  Pylon, Zealot x2  
  95  7:12  Blink  
  99  7:19  Photon Cannon  
  99  7:24  Zealot x3  
  99  7:27  Assimilator  
  105  7:31  Probe  
  105  7:32  High Templar x2  
  105  7:36  Archon  
  108  7:39  Nexus  
  108  7:44  High Templar  
  108  7:50  Pylon, Zealot x3  
  116  7:53  Pylon  
  116  7:59  Pylon  
  116  8:02  Protoss Ground Armor Level 2  
  116  8:03  Probe, Gateway  
  117  8:12  Zealot x4  
  119  8:13  Zealot x2  
  119  8:15  Probe  
  130  8:21  Forge  
  130  8:24  Probe x2  
  132  8:38  Protoss Ground Weapons Level 1  
  132  8:42  Probe  
  132  8:46  Immortal  
  132  8:47  Robotics Bay, Probe  
  138  9:06  Stalker x9  
  138  9:09  Pylon  
  156  9:16  Nexus, Warp Prism  
  156  9:24  Gateway  
  156  9:29  Pylon  
  158  9:32  Pylon  
  158  9:33  Extended Thermal Lance, Pylon  
  158  9:36  Probe  
  159  9:40  Pylon, Photon Cannon  
  159  9:45  Colossus  
  159  9:48  Probe  
  159  9:52  High Templar  
  168  9:53  Robotics Facility  
  168  9:55  Probe  
  169  10:00  Probe  
  169  10:01  Pylon  
  170  10:07  Zealot  
  170  10:08  Zealot x5  
  182  10:14  Protoss Ground Armor Level 3  
  182  10:17  Pylon  
  181  10:28  Protoss Ground Weapons Level 2  
  181  10:33  Zealot  
  181  10:34  Probe  
  184  10:35  Probe x2  
  184  10:36  Photon Cannon, Probe x2  
  184  10:37  Colossus  
  194  10:55  Gateway x2  
  194  10:57  Gravitic Drive, Photon Cannon  
  194  11:15  Assimilator  
  194  11:18  Nexus  
  191  11:38  Zealot x4  
  191  11:39  Zealot x4  
  195  11:45  Colossus  
  180  11:48  Zealot x2, Observer  
  158  11:56  Dark Shrine  
  158  11:57  Gateway  
  158  11:59  Stalker x7  
  179  12:01  Gateway  
  179  12:03  Zealot x3  
  171  12:12  Zealot x2  
  157  12:23  Zealot x9  
  157  12:25  Zealot  
  157  12:27  Protoss Ground Weapons Level 3  
  167  12:42  Archon  
  151  12:46  Zealot x12  
  165  12:57  Disruptor x2  
  163  12:58  Probe  
  163  13:01  Probe x4  
  163  13:03  Stalker x2  
  170  13:06  Probe  
  169  13:22  Photon Cannon  
  169  13:27  Photon Cannon  
  169  13:28  Protoss Shields Level 1  
  169  13:29  Probe  
  169  13:32  Zealot  
  169  13:33  Disruptor x2  
  180  13:37  Stalker x3, High Templar  
  180  13:39  Zealot x5  
  198  13:53  Stalker  
  200  13:59  Gateway  
  187  14:44  Zealot  
  187  14:45  Zealot x7  
  199  14:51  Probe  
  180  15:07  Warp Prism  
  180  15:19  Zealot x2  
  182  15:25  Stalker x8  
  182  15:26  Pylon  
  195  15:29  Disruptor  
  195  15:34  Disruptor  
  191  16:05  Observer  
  191  16:07  Stalker x4  
  191  16:10  Assimilator  
  197  16:13  Assimilator  
  173  16:27  Zealot x3  
  173  16:28  Zealot x8  
  173  16:32  Zealot x13  
  161  16:34  Archon x2, Immortal x2  
  161  16:35  Zealot  
  161  16:36  Zealot  
  135  16:53  Zealot x13  
  133  17:06  Zealot x2, Disruptor  
  123  17:10  Gateway  
  123  17:11  Immortal  
  123  17:13  Stalker x12  
  155  17:18  High Templar  
  119  17:30  High Templar  
  119  17:35  Zealot x4  
  119  17:36  Immortal  
  115  17:39  Disruptor  
  115  17:42  High Templar x4  
  115  17:43  Zealot x5  
  137  17:46  Archon  
  141  17:52  Stalker  
  143  18:03  Protoss Shields Level 2  
  143  18:05  Colossus  
  143  18:06  Disruptor  
  143  18:09  Stalker x10, Shadow Stride  
  163  18:16  Nexus  
  173  18:25  Zealot x6  
  185  18:27  Probe x2  
  177  18:47  Archon  
  177  18:48  Warp Prism  
  165  18:55  High Templar, Zealot x10  
  151  19:05  Pylon  
  151  19:13  Observer  
  151  19:16  Pylon  
  151  19:25  Dark Templar x7  
  151  19:28  Zealot x6  
  177  19:40  Probe x2  
  177  19:41  Dark Templar  
  181  19:49  Assimilator  
  181  19:50  Assimilator  
  180  19:53  Zealot x2  
  180  19:59  Dark Templar x2  
  187  20:10  Warp Prism  
  185  20:31  Protoss Shields Level 3  
  185  20:35  Zealot x9  
  193  20:37  Observer  
  170  21:09  High Templar  
  160  21:21  Nexus  
  160  21:22  Pylon  
  160  21:24  Probe x6  
  157  21:30  Stalker x12  
  157  21:31  Stalker x2  
  157  21:32  Assimilator  
  185  21:34  Archon, Assimilator  
  185  21:36  Probe  
  186  21:42  High Templar, Gravitic Boosters  
  161  22:13  High Templar  
  161  22:15  Stalker x7  
  173  22:18  Observer, Disruptor  
  173  22:21  Probe x5  
  179  22:27  Zealot x8  
  199  22:34  Assimilator  
  199  22:35  Assimilator  
  169  22:55  Disruptor  
  172  23:05  Zealot x14  
  186  23:09  Probe x2  
  190  23:32  Zealot x8  
  196  23:41  Zealot x8  
  132  23:52  Zealot x7  
  132  23:53  Zealot  
  128  24:02  High Templar, Zealot x2  
  116  24:03  Zealot x5  
  116  24:07  High Templar x2  
  119  24:16  Archon  
  97  24:17  Zealot x6  
  97  24:23  Zealot x7  
  117  24:27  Colossus  
  111  24:33  Zealot  
  113  24:40  Zealot x3  
  113  24:42  Sentry x2  
  113  24:43  Sentry  
  113  24:44  Sentry, Colossus  
  113  24:45  High Templar  
  119  24:50  Dark Templar  
  121  24:59  High Templar x3  
  133  25:05  Archon  
  133  25:06  High Templar x6  
  145  25:10  Archon x2  
  145  25:11  Archon  
  145  25:12  Archon  
  145  25:13  Zealot x3  
  149  25:20  Stalker x2  
  131  25:24  Colossus  
  131  25:26  Zealot x2  
  117  25:31  High Templar x3  
  125  25:41  Dark Templar  
  124  25:52  Stalker x5  
  134  26:08  Nexus  
  134  26:16  Zealot  
  134  26:17  Zealot x4  
  142  26:24  Disruptor  
  134  26:33  High Templar x4  
  134  26:34  Disruptor  
  134  26:37  Archon  
  134  26:38  Archon  
  150  26:40  Zealot  
  152  26:55  Zealot  
  152  26:58  Nexus  
  152  27:00  Stalker x6, Observer  
  165  27:09  Pylon  
  165  27:13  Zealot x5  
  173  27:20  Zealot x2  
  161  27:58  High Templar x3  
  161  27:59  High Templar  
  161  28:00  Zealot x8  
  161  28:03  Archon x2  
  185  28:08  Probe  
  185  28:09  Nexus  
  185  28:11  Disruptor  
  186  28:13  Photon Cannon  
  186  28:14  Observer  
  186  28:15  Unknown  
  186  28:19  Pylon  
  191  28:31  High Templar  
  187  28:49  Stalker x6  
Tags
 
Add a new tag
Caveats
  • Supply blocks, unpowered buildings, or Contaminate may cause inaccurate times.
  • Supply counts are checked every 10 seconds.